Map: Orbital Depot

Players

Асгард

  • Race: Protoss Protoss
  • League: Gold
  • Spawn Location: 9:00

sayonara

  • Race: Terran Terran
  • League: Gold
  • Spawn Location: 9:00

CRT

  • Race: Protoss Protoss
  • League: Gold
  • Spawn Location: 7:00

Loken - Winner!

  • Race: Zerg Zerg
  • League: Platinum
  • Spawn Location: 3:00

dallaskuken - Winner!

  • Race: Protoss Protoss
  • League: Platinum
  • Spawn Location: 3:00

TimeTwist - Winner!

  • Race: Zerg Zerg
  • Spawn Location: 1:00

VOD

Have the link to the VOD?

Description

Time

  • Played on: March 22, 2017, 3:53 a.m.
  • Length: 13:22
Show
View Real Time Build Order
Export as new Build Order

Асгард Protoss 

Build Orders: Dark Templar Rush 

Get SALT Encoding   

  12  0:01  Probe (Chrono Boost)  
  13  0:11  Probe (Chrono Boost)  
  14  0:19  Pylon  
  14  0:23  Probe (Chrono Boost)  
  15  0:37  Probe (Chrono Boost)  
  15  0:38  Gateway  
  16  0:46  Assimilator  
  16  0:49  Probe (Chrono Boost)  
  17  0:58  Assimilator  
  17  1:00  Probe (Chrono Boost)  
  18  1:10  Probe (Chrono Boost)  
  19  1:16  Gateway  
  19  1:21  Probe (Chrono Boost)  
  20  1:31  Probe (Chrono Boost)  
  20  1:32  Cybernetics Core  
  21  1:42  Probe (Chrono Boost)  
  21  1:46  Pylon  
  22  1:57  Gateway  
  22  1:59  Warp Gate  
  22  2:10  Twilight Council  
  24  2:19  Mothership Core (Chrono Boost)  
  24  2:27  Gateway  
  24  2:37  Robotics Facility  
  24  2:57  Dark Shrine  
  24  3:14  Gateway  
  26  3:38  Warp Prism  
  26  3:48  Pylon  
  10  4:35  Dark Templar x2  
  8  4:52  Probe (Chrono Boost)  
  9  5:19  Probe (Chrono Boost)  
  10  5:31  Probe (Chrono Boost)  
  9  6:09  Dark Templar  
  12  7:16  Probe (Chrono Boost)  
  12  7:28  Probe (Chrono Boost)  
  9  7:59  Dark Templar  
  11  8:09  Dark Templar  
  9  8:38  Probe (Chrono Boost)  
  10  8:49  Probe (Chrono Boost)  
  11  9:00  Probe (Chrono Boost)  
  12  9:08  Dark Templar  
  14  9:10  Probe (Chrono Boost)  
  15  9:32  Probe (Chrono Boost)  
  14  10:15  Probe (Chrono Boost)  
  15  10:26  Dark Templar, Probe (Chrono Boost)  
  18  10:36  Probe (Chrono Boost)  
  19  10:47  Adept, Probe (Chrono Boost)  
  22  10:57  Probe (Chrono Boost)  
  23  11:07  Dark Templar  
  23  11:08  Probe (Chrono Boost)  
  24  11:31  Adept  
  26  11:38  Gateway, Probe (Chrono Boost)  
  25  11:49  Probe (Chrono Boost)  
  26  11:55  Dark Templar  
  26  11:59  Probe (Chrono Boost)  
  29  12:10  Probe (Chrono Boost)  
  30  12:21  Pylon  
  30  12:24  Pylon  
Show
View Real Time Build Order
Export as new Build Order

sayonara Terran 

Build Orders:  

Get SALT Encoding   

  12  0:01  SCV  
  13  0:13  SCV  
  14  0:20  Supply Depot  
  14  0:25  SCV  
  15  0:42  Barracks  
  15  0:44  SCV  
  16  0:57  Barracks  
  16  1:10  Barracks  
  16  1:25  Barracks  
  16  1:36  Marine  
  17  1:44  Marine  
  18  1:49  Supply Depot  
  18  1:54  Marine  
  18  1:57  Marine  
  20  2:01  Marine  
  21  2:12  Marine  
  21  2:13  Marine  
  23  2:17  Marine  
  23  2:19  Marine  
  25  2:30  Marine x2  
  25  2:34  Marine  
  28  2:38  Supply Depot  
  28  2:42  Marine  
  29  2:48  Marine x2  
  27  3:30  Marine  
  27  3:31  Marine x3  
  31  3:48  Marine x3  
  31  3:49  Marine  
  24  4:32  Marine x3  
  24  4:33  Marine  
  23  4:50  Bunker, Marine x4  
  22  5:08  Marine x4  
  26  5:26  Marine x4  
  23  5:43  Marine  
  23  5:44  Marine x3  
  23  6:01  Marine x2  
  23  6:02  Marine x2  
  27  6:14  SCV  
  28  6:19  Marine x4  
  28  6:22  Command Center  
  32  6:37  Marine x4  
  30  6:55  Marine x4  
  34  7:02  Refinery, SCV  
  34  7:05  Refinery  
  34  7:06  Supply Depot  
  35  7:12  Marine  
  35  7:13  Marine x3  
  39  7:27  SCV  
  39  7:30  Marine x2  
  39  7:31  Marine x2  
  42  7:48  Marine x2  
  42  7:49  Marine  
  26  8:31  Marine x4  
  25  8:47  Factory, SCV  
  26  8:48  Marine  
  26  8:49  SCV, Marine x3  
  31  8:59  SCV  
  31  9:01  SCV  
  33  9:06  Marine x2  
  33  9:07  Marine  
  36  9:11  SCV  
  36  9:13  SCV, Marine  
  39  9:24  Marine x3  
  39  9:25  SCV  
  39  9:31  Marine  
  44  9:36  Starport  
  44  9:39  Orbital Command  
  44  9:42  Orbital Command, Marine x2  
  45  10:17  Factory Tech Lab  
  45  10:48  Siege Tank  
  48  11:03  Starport Reactor  
  48  11:20  Siege Tank  
  51  11:52  Siege Tank  
  49  12:33  Command Center  
Show
View Real Time Build Order
Export as new Build Order

CRT Protoss 

Build Orders: Mass Adepts 

Get SALT Encoding   

  12  0:01  Probe (Chrono Boost)  
  13  0:11  Probe (Chrono Boost)  
  14  0:14  Pylon  
  14  0:22  Probe (Chrono Boost)  
  15  0:33  Probe (Chrono Boost)  
  16  0:35  Gateway  
  16  0:40  Gateway  
  16  0:45  Assimilator  
  16  0:47  Probe (Chrono Boost)  
  17  1:02  Pylon  
  17  1:05  Probe (Chrono Boost)  
  17  1:08  Assimilator  
  18  1:11  Gateway  
  18  1:20  Forge  
  18  1:28  Cybernetics Core  
  18  1:34  Probe (Chrono Boost)  
  19  1:42  Pylon  
  19  1:45  Probe (Chrono Boost)  
  20  1:55  Probe (Chrono Boost)  
  21  2:02  Photon Cannon  
  21  2:11  Adept x2  
  21  2:12  Adept, Pylon  
  27  2:26  Mothership Core (Chrono Boost)  
  29  2:32  Photon Cannon  
  29  2:36  Warp Gate  
  29  2:50  Adept x2  
  29  2:51  Adept  
  35  3:02  Photon Cannon  
  35  3:07  Photon Cannon  
  33  3:54  Adept x3  
  36  4:21  Adept  
  36  4:25  Adept x2  
  34  4:50  Probe (Chrono Boost)  
  27  5:00  Probe (Chrono Boost)  
  16  6:08  Pylon  
  12  6:39  Probe (Chrono Boost)  
  13  6:50  Probe (Chrono Boost)  
  14  7:00  Stalker x3, Probe (Chrono Boost)  
  21  7:11  Probe (Chrono Boost)  
  22  7:21  Probe (Chrono Boost)  
  23  7:25  Gateway  
  23  7:31  Nexus  
  16  8:22  Stalker x3  
  18  8:50  Probe (Chrono Boost)  
  19  8:57  Adept  
  19  9:01  Probe (Chrono Boost)  
  22  9:10  Stalker x3  
  22  9:11  Probe (Chrono Boost)  
  29  9:22  Probe (Chrono Boost)  
  28  9:30  Stalker  
  28  9:57  Stalker x2  
  30  10:19  Probe (Chrono Boost)  
  31  10:21  Probe (Chrono Boost)  
  27  10:29  Probe (Chrono Boost)  
  27  10:32  Probe (Chrono Boost)  
  28  10:40  Probe (Chrono Boost)  
  29  10:47  Protoss Ground Weapons Level 1  
  29  10:50  Probe (Chrono Boost)  
  30  11:01  Probe (Chrono Boost)  
  31  11:11  Probe (Chrono Boost)  
  32  11:22  Probe (Chrono Boost)  
  34  11:33  Probe (Chrono Boost)  
  34  11:43  Probe (Chrono Boost)  
  35  11:54  Probe (Chrono Boost)  
  36  12:04  Probe (Chrono Boost)  
  28  12:09  Pylon  
Show
View Real Time Build Order
Export as new Build Order

Loken Zerg - Winner!

Build Orders: Pool First 

Get SALT Encoding   

  12  0:05  Drone  
  13  0:11  Drone  
  14  0:18  Overlord  
  14  0:36  Drone x2  
  14  0:38  Drone  
  17  0:48  Drone  
  18  0:52  Spawning Pool  
  17  0:58  Drone  
  18  1:04  Extractor  
  17  1:13  Drone  
  18  1:20  Drone  
  19  1:39  Queen  
  21  1:41  Zergling x2  
  21  1:44  Overlord  
  22  2:04  Zergling x2  
  22  2:05  Zergling x2  
  24  2:10  Metabolic Boost  
  24  2:17  Zergling x2  
  25  2:27  Zergling x2  
  26  2:38  Zergling x2  
  27  2:49  Zergling x6  
  30  3:33  Hatchery  
  25  4:01  Zergling x12  
  12  4:35  Drone x5  
  17  4:51  Drone  
  18  4:58  Queen  
  20  5:02  Spore Crawler  
  20  5:04  Spine Crawler  
  20  5:06  Spine Crawler  
  14  5:22  Drone x3  
  14  5:25  Queen  
  17  5:29  Drone  
  17  5:30  Drone x2  
  20  6:00  Drone  
  20  6:01  Drone  
  22  6:08  Spine Crawler  
  21  6:13  Spine Crawler, Drone x2  
  21  6:15  Drone x2  
  21  6:16  Drone  
  26  6:18  Drone  
  26  6:19  Drone x2  
  28  6:30  Lair  
  28  6:42  Extractor  
  28  6:46  Extractor  
  26  6:48  Drone  
  26  6:49  Drone x6  
  33  7:19  Overlord x3  
  33  7:24  Drone  
  33  7:25  Drone x2  
  36  7:35  Spire  
  35  7:38  Drone x5  
  40  7:53  Drone x6  
  40  7:56  Drone  
  47  7:59  Overseer  
  47  8:10  Zergling x2  
  47  8:11  Zergling x4  
  50  8:27  Zergling x12  
  50  8:28  Zergling x2  
  57  8:40  Overseer  
  55  8:42  Overseer  
  54  9:07  Hatchery  
  54  9:09  Hatchery  
  52  9:13  Spore Crawler  
  52  9:16  Spine Crawler  
  50  9:18  Spine Crawler  
  49  9:42  Evolution Chamber  
  49  9:43  Evolution Chamber  
  47  9:52  Overlord x3  
  47  9:53  Overlord x2  
  47  9:57  Zergling x2  
  47  9:58  Zergling x8  
  52  10:10  Queen  
  54  10:23  Hatchery, Zergling x10  
  54  10:24  Zergling x18  
  67  10:36  Queen  
  69  11:03  Mutalisk x7  
  69  11:04  Mutalisk x7  
  93  11:20  Overlord  
  93  11:25  Zergling x2  
  93  11:26  Zergling x10  
  97  11:42  Infestation Pit  
  97  11:46  Extractor  
  94  12:20  Zergling x32  
  94  12:21  Zergling x14  
Show
View Real Time Build Order
Export as new Build Order

dallaskuken Protoss - Winner!

Build Orders:  

Get SALT Encoding   

  12  0:01  Probe (Chrono Boost)  
  13  0:12  Probe (Chrono Boost)  
  14  0:24  Pylon, Probe (Chrono Boost)  
  16  0:42  Probe (Chrono Boost)  
  16  0:45  Pylon  
  16  0:53  Probe (Chrono Boost)  
  17  1:03  Probe (Chrono Boost)  
  18  1:04  Forge  
  18  1:09  Gateway  
  18  1:14  Probe (Chrono Boost)  
  19  1:25  Probe (Chrono Boost)  
  20  1:33  Pylon  
  20  1:35  Gateway, Probe (Chrono Boost)  
  21  1:45  Photon Cannon  
  21  1:49  Pylon  
  21  1:51  Probe (Chrono Boost)  
  22  2:05  Zealot  
  24  2:14  Pylon  
  24  2:19  Gateway  
  24  2:23  Photon Cannon  
  24  2:25  Probe (Chrono Boost)  
  25  2:32  Zealot  
  27  2:46  Pylon  
  27  2:49  Cybernetics Core  
  27  3:08  Probe (Chrono Boost)  
  27  3:11  Assimilator  
  28  3:15  Zealot x2  
  28  3:16  Assimilator  
  32  3:21  Zealot  
  32  3:42  Zealot  
  32  3:50  Zealot  
  30  4:06  Zealot  
  30  4:09  Zealot  
  34  4:35  Nexus  
  34  4:51  Pylon  
  32  4:58  Stalker  
  30  5:07  Stalker x2  
  30  5:11  Warp Gate  
  34  5:26  Photon Cannon  
  34  5:27  Photon Cannon  
  34  5:28  Stalker  
  36  5:41  Photon Cannon  
  36  5:50  Probe (Chrono Boost)  
  37  6:00  Probe (Chrono Boost)  
  39  6:11  Probe (Chrono Boost)  
  39  6:27  Stalker x3  
  46  6:32  Probe (Chrono Boost)  
  44  6:43  Probe (Chrono Boost)  
  45  7:15  Stalker x3  
  49  7:22  Probe (Chrono Boost)  
  52  7:23  Pylon  
  52  7:27  Pylon  
  52  7:30  Pylon  
  52  7:33  Probe (Chrono Boost)  
  53  7:43  Probe (Chrono Boost)  
  52  7:45  Stalker  
  48  7:54  Photon Cannon, Probe (Chrono Boost)  
  48  7:55  Photon Cannon  
  49  8:07  Stalker  
  51  8:22  Photon Cannon  
  51  8:23  Photon Cannon  
  51  8:41  Photon Cannon  
  51  8:43  Photon Cannon  
  51  8:45  Photon Cannon  
  51  8:50  Photon Cannon  
  51  8:51  Photon Cannon  
  51  8:53  Photon Cannon  
  51  9:00  Pylon  
  51  9:03  Pylon  
  50  9:17  Stargate  
  50  9:18  Stargate  
  50  9:20  Stargate  
  50  10:33  Void Ray x2  
  50  10:34  Void Ray  
  62  10:40  Pylon  
  62  10:41  Pylon  
  62  10:50  Stalker  
  62  10:51  Stalker x2  
  68  11:16  Void Ray  
  68  11:17  Void Ray x2  
  80  11:31  Probe (Chrono Boost)  
  81  11:36  Assimilator  
  81  11:38  Assimilator  
  81  11:41  Probe (Chrono Boost)  
  82  11:52  Probe (Chrono Boost)  
  83  11:59  Void Ray  
  87  12:02  Probe (Chrono Boost)  
  88  12:13  Probe (Chrono Boost)  
  89  12:24  Stalker x3  
  89  12:27  Void Ray x2  
Show
View Real Time Build Order
Export as new Build Order

TimeTwist Zerg - Winner!

Build Orders: Hatch First 

Get SALT Encoding   

  12  0:01  Drone  
  13  0:11  Overlord  
  13  0:15  Drone  
  14  0:36  Hatchery  
  14  0:37  Drone  
  14  0:51  Spawning Pool  
  14  0:52  Drone  
  14  1:10  Hatchery  
  13  1:15  Drone  
  14  1:22  Drone  
  15  1:26  Extractor  
  14  1:42  Spine Crawler, Zergling x4  
  14  1:43  Zergling x2  
  16  1:50  Queen  
  16  1:53  Queen  
  20  1:58  Drone  
  20  2:00  Drone  
  22  2:10  Drone  
  22  2:11  Drone  
  24  2:22  Queen  
  26  2:24  Zergling x6  
  29  2:47  Spine Crawler  
  29  2:50  Zergling x8  
  32  2:56  Drone x2  
  27  3:24  Zergling x2  
  27  3:25  Zergling x8  
  32  3:27  Zergling x4  
  30  3:41  Overlord x3  
  23  3:51  Zergling x2  
  18  4:12  Zergling x8  
  18  4:13  Metabolic Boost, Zergling x2  
  18  4:16  Zergling x2  
  24  4:30  Zergling x2  
  23  4:36  Zergling x2  
  23  4:37  Zergling x10  
  24  5:05  Drone x3  
  24  5:06  Drone, Zergling x2  
  24  5:07  Zergling x2  
  30  5:21  Spine Crawler  
  29  5:24  Spore Crawler  
  27  5:29  Drone x3  
  27  5:30  Drone x7  
  31  5:56  Drone  
  33  5:57  Drone x5  
  33  5:58  Queen  
  33  5:59  Queen  
  33  6:04  Extractor  
  40  6:05  Spore Crawler  
  40  6:07  Spine Crawler  
  40  6:09  Drone x2  
  40  6:20  Zergling x4  
  40  6:21  Overlord  
  40  6:22  Overlord  
  41  6:34  Zergling x2  
  41  6:36  Zergling x2  
  39  7:02  Spore Crawler  
  39  7:04  Spine Crawler  
  37  7:10  Queen  
  37  7:14  Drone  
  37  7:15  Drone x5  
  45  7:16  Zergling x8  
  45  7:17  Zergling x4  
  45  7:21  Baneling Nest  
  50  7:24  Drone x3  
  50  7:27  Extractor  
  45  7:47  Zergling x4  
  45  7:48  Zergling x8  
  48  8:01  Zergling x6  
  46  8:20  Hatchery  
  46  8:26  Queen  
  43  8:30  Zergling x2  
  43  8:31  Zergling x6  
  47  8:39  Spore Crawler  
  44  8:42  Spine Crawler  
  44  8:44  Spine Crawler  
  44  8:48  Spine Crawler x2, Zergling x6  
  43  8:54  Drone x3  
  46  9:02  Drone  
  45  9:37  Spore Crawler  
  44  9:41  Queen, Drone  
  47  9:53  Drone  
  47  9:54  Drone x5  
  47  9:57  Extractor  
  52  10:01  Drone  
  52  10:02  Drone  
  52  10:04  Drone x4  
  58  10:23  Overlord x3  
  58  10:26  Overlord x2  
  58  10:30  Lair  
  56  10:46  Spore Crawler  
  56  10:47  Zergling x6  
  58  10:51  Spine Crawler  
  58  10:52  Spine Crawler  
  58  10:53  Zergling x4  
  58  10:54  Spine Crawler, Zergling x12  
  63  11:11  Drone x2  
  65  11:13  Drone x3  
  68  11:43  Drone x7, Spore Crawler  
  74  11:55  Drone x4  
  74  11:57  Extractor  
  74  11:58  Extractor  
  74  12:01  Spire  
  74  12:35  Drone x5  
  79  13:17  Hatchery  
Tags
 
Add a new tag
Caveats
  • Supply blocks, unpowered buildings, or Contaminate may cause inaccurate times.
  • Supply counts are checked every 10 seconds.